 Dungeon Crawl Stone Soup version 0.24.0-13-gcf9b319 (webtiles) character file.

Game seed: 1463430274954341466, levelgen mode: deterministic

39 EndlessMike the Ruffian (level 3, 0/29 HPs)
             Began as a Demonspawn Chaos Knight on Apr 13, 2020.
             Was a Plaything of Xom.
             Slain by a gnoll
             ... wielding a +0 flail
              (10 damage)
             ... on level 6 of the Dungeon.
             The game lasted 00:01:32 (742 turns).

EndlessMike the Ruffian (Demonspawn Chaos Knight)    Turns: 742, Time: 00:01:33

Health: 0/29       AC:  4    Str: 11 (13) XL:     3   Next: 28%
Magic:  3/3        EV: 11    Int: 16 (17) God:    Xom [..*...]
Gold:   32         SH:  0    Dex: 13 (14) Spells: 2/2 levels left

rFire    . . .     SeeInvis .     - Unarmed
rCold    . . .     Gourm    .   (no shield)
rNeg     . . .     Faith    .   a - +2 leather armour
rPois    .         Spirit   .   (helmet restricted)
rElec    .         Reflect  .   (no cloak)
rCorr    .         Harm     .   (no gloves)
MR       .....                  (no boots)
Stlth    +.........             (no amulet)
HPRegen  0.09/turn              c - +4 ring of intelligence
MPRegen  0.08/turn              (no ring)

@: flying, hasted, very quick
A: antennae 1, rugged brown scales 1, agile 1, blink, deformed body, spiny 1
a: Blink, Renounce Religion


You were on level 6 of the Dungeon.
You worshipped Xom.
You were a toy of Xom.
You were not hungry.

You visited 1 branch of the dungeon, and saw 6 of its levels.

You collected 32 gold pieces.

Inventory:

Armour
 a - a +2 leather armour (worn)
Jewellery
 c - a +4 ring of intelligence (left hand)
Scrolls
 d - a scroll of enchant weapon {unknown}
 g - a scroll of teleportation {unknown}
 j - a scroll of enchant armour {unknown}
 k - 3 scrolls of blinking {unknown}
Potions
 e - a potion of agility {unknown}
 f - a potion of ambrosia {unknown}
 h - a potion of flight
 i - a potion of degeneration
Comestibles
 b - 5 rations


   Skills:
 - Level 3.0 Fighting
 - Level 1.7 Armour
 - Level 0.8 Dodging
 + Level 4.0 Unarmed Combat


You had 2 spell levels left.
You didn't know any spells.
Your spell library was empty.

Dungeon Overview and Level Annotations

Branches:
Dungeon (6/15)
 Temple: D:4-7

Altars:
Sif Muna


Innate Abilities, Weirdness & Mutations

You are partially covered in rugged brown scales. (AC +1, +3% HP)
You are partially covered in sharp spines.
You have a pair of small antennae on your head.
You are agile. (Dex +2)
You can translocate small distances at will.
Armour fits poorly on your strangely shaped body.


Message History

You feel very buoyant.
You fly up into the air.
Xom thinks this is hilarious!
The gnoll shouts!
You hear a shout!
It was a potion of mutation.
You feel extremely strange. A pair of antennae grows on your head!
You feel agile.
Your body twists and deforms.
You feel jittery.
A gnoll comes into view. It is wielding a +0 whip.
It was a potion of degeneration.
There was something very wrong with that liquid.
You feel weakened.
You feel dopey.
You feel clumsy. The gnoll hits you with a +0 flail!
You hit the gnoll.
The gnoll is moderately wounded.
You punch the gnoll!
The gnoll is almost dead.
The gnoll shaman calls upon its god to speed up the gnoll.
The gnoll seems to speed up.
The gnoll hits you with a +0 flail!
You die...
Xom thinks this is hilarious!

....# ##....#
.#....# .......
###g.g....
#...g..>..
##.g.......
#..@.gg....
#..............
#..............
###..#.####....
####. ... ## ##


You could see a gnoll shaman and 5 gnolls.

Vanquished Creatures
  3 dart slugs
  A leopard gecko (D:2)
  4 orcs (D:5)
  A ball python (D:4)
  A giant cockroach (D:3)
  2 goblins
  3 hobgoblins
  2 quokkas
  6 bats
  A jackal skeleton (D:4)
  3 rats
27 creatures vanquished.

Notes
Turn   | Place    | Note
-------+----------+-------------------------------------------
     0 | D:1      | EndlessMike the Demonspawn Chaos Knight began the quest for
                  | the Orb.
     0 | D:1      | Reached XP level 1. HP: 18/18 MP: 1/1
    60 | D:1      | Reached skill level 3 in Unarmed Combat
   106 | D:1      | Gained mutation: You are partially covered in sharp spines.
                  | [demonic ancestry]
   106 | D:1      | Reached XP level 2. HP: 13/24 MP: 2/2
   373 | D:3      | XOM: cast spell 'Summon Small Mammal'
   497 | D:3      | Found a shimmering blue altar of Sif Muna.
   550 | D:3      | XOM: harmless Tmut miscast
   573 | D:4      | Gained mutation: You are partially covered in rugged brown
                  | scales. (AC +1, +3% HP) [demonic ancestry]
   573 | D:4      | Reached XP level 3. HP: 20/29 MP: 3/3
   688 | D:5      | Entered Level 5 of the Dungeon
   718 | D:5      | XOM: potion effect (haste)
   719 | D:5      | Reached skill level 4 in Unarmed Combat
   739 | D:6      | Gained mutation: You have a pair of small antennae on your
                  | head. [potion of mutation]
   739 | D:6      | Gained mutation: You are agile. (Dex +2) [potion of
                  | mutation]
   739 | D:6      | Gained mutation: Armour fits poorly on your strangely
                  | shaped body. [potion of mutation]
   739 | D:6      | Gained mutation: You can translocate small distances at
                  | will. [potion of mutation]
   742 | D:6      | Slain by a gnoll

Levels and vault maps discovered:
D:1:      lightli_arrival_farm, layout_loops_ring, minivault_23
D:2:      layout_basic, kennysheep_generic_room_8
D:3:      minmay_skewed_foursquare, layout_loops_corners, lemuel_blue_sif_altar
D:4:      layout_gridville, first_ration
D:5:      layout_layer_cave, minmay_temple_entry_antechambers,
          okawaru_altar_gauntlet_db
D:6:      layout_cave_pools, serial_shops, shop, shop, shop,
          grunt_qazlal_clouds, uniq_eustachio

Skill      XL: |  1  2  3 |
---------------+----------+-----
Unarmed Combat | 3 4 |  4.0
Fighting       | |  3.0
Armour         | |  1.7
Dodging        | |  0.8

Action                   || total
-------------------------++-------
Melee: Unarmed           ||    87
       Punch             ||     3
  Use: Potion            ||     3
 Stab: Sleeping          ||     1
Armor: Leather armour    ||    35
Dodge: Dodged            ||    44
